 Dungeon Crawl Stone Soup version 0.16.2-12-gd0ad4c3 (webtiles) character file.

20938 faibistes the Thaumaturge (level 12, -7/70 HPs)
             Began as a Deep Elf Wizard on May 8, 2018.
             Was a High Priest of Sif Muna.
             Mangled by a blink frog (12 damage)
             ... on level 3 of the Lair of Beasts on May 9, 2018.
             The game lasted 01:03:12 (21810 turns).

faibistes the Thaumaturge (Deep Elf Wizard)        Turns: 21810, Time: 01:03:12

Health: -7/70      AC: 11    Str:  4    XL:     12   Next: 49%
Magic:  30/45      EV: 19    Int: 32    God:    Sif Muna [*****.]
Gold:   600        SH:  0    Dex: 17    Spells: 8 memorised, 14 levels left

rFire  x . .     SeeInvis .     w - +1 dagger "Daodiroa" {pierce, rF- rN+ MR+ MP+9 Stlth-}
rCold  . . .     Clarity  +     I - +2 robe {rN+}
rNeg   + + .     SustAb   .     (no shield)
rPois  .         Gourm    .     E - +2 hat
rElec  .         Spirit   .     u - +1 cloak
rCorr  .         Warding  .     F - +1 pair of gloves
rMut   .         Stasis   .     o - +0 pair of boots
MR     ++...                    B - amulet of clarity
Stlth  +.........               z - +3 ring of intelligence
                                y - +4 ring of dexterity

@: repel missiles, very resistant to hostile enchantments, very unstealthy
A: no striking features
a: Channel Energy, Forget Spell, Renounce Religion


You were on level 3 of the Lair of Beasts.
You worshipped Sif Muna.
Sif Muna was extremely pleased with you.
You were not hungry.

You visited 3 branches of the dungeon, and saw 17 of its levels.
You also visited: Ossuary.

You collected 907 gold pieces.
You spent 307 gold pieces at shops.

Inventory:

Hand weapons
 k - a +1 dagger of draining
 w - the +1 dagger "Daodiroa" (weapon) {pierce, rF- rN+ MR+ MP+9 Stlth-}
   (You found it on level 7 of the Dungeon)

   It inflicts extra damage upon your enemies.
   It makes you vulnerable to fire.
   It protects you from negative energy.
   It affects your resistance to hostile enchantments.
   It affects your magic capacity (+9).
   It makes you less stealthy.
Armour
 a - the +0 robe of the Fiend {MR++}
   (You found it on level 3 of the Lair of Beasts)

   It affects your resistance to hostile enchantments.
 o - a +0 pair of boots (worn)
 u - a +1 cloak (worn)
 E - a +2 hat (worn)
 F - a +1 pair of gloves (worn)
 I - a +2 robe of positive energy (worn)
Magical staves
 T - an uncursed staff of earth
Jewellery
 n - an uncursed amulet of regeneration
 y - a +4 ring of dexterity (left hand)
 z - a +3 ring of intelligence (right hand)
 B - an amulet of clarity (around neck)
Magical devices
 c - a wand of flame (16)
 j - a wand of paralysis (10)
 q - a wand of enslavement (8)
 C - a wand of polymorph (8)
 D - a wand of polymorph (22)
 G - a wand of slowing (46)
 L - a wand of disintegration (15)
 Q - a wand of polymorph (15)
Scrolls
 b - 2 scrolls of identify
 m - 2 scrolls of fear
 p - a scroll of recharging
 v - 2 scrolls of enchant weapon
 J - 6 scrolls of magic mapping
 R - 3 scrolls of blinking
 U - a scroll of teleportation
 W - 8 scrolls of remove curse
Potions
 e - 5 potions of agility
 f - 6 potions of brilliance
 g - 3 potions of invisibility
 i - 2 potions of magic
 l - 2 potions of lignification
 r - 3 potions of might
 t - 2 potions of restore abilities
 x - 9 potions of curing
 A - a potion of ambrosia
 H - 4 potions of heal wounds
 N - 2 potions of resistance
Comestibles
 d - 7 bread rations
 h - 11 royal jellies
 s - 5 meat rations
 K - 5 chunks of flesh
 P - a slice of pizza
 Y - 12 fruits


   Skills:
 + Level 6.2 Fighting
 + Level 9.1 Dodging
 - Level 2.4 Stealth
 * Level 13.6 Spellcasting
 * Level 8.4 Conjurations
 + Level 5.3 Charms
 * Level 4.0 Summonings
 + Level 1.2 Necromancy
 + Level 5.4 Translocations
 * Level 6.3 Fire Magic
 - Level 3.0 Air Magic
 - Level 2.0 Poison Magic
 * Level 6.0 Invocations
 + Level 7.0 Evocations


You had 14 spell levels left.
You knew the following spells:

 Your Spells              Type           Power        Failure   Level  Hunger
a - Magic Dart            Conj           ####         1%          1    None
b - Conjure Flame         Conj/Fire      ######..     1%          3    None
c - Summon Forest         Summ/Tloc      ######....   10%         5    None
d - Blink                 Tloc           N/A          1%          2    None
e - Mephitic Cloud        Conj/Pois/Air  ######..     1%          3    None
f - Repel Missiles        Chrm/Air       #####.       1%          2    None
g - Control Undead        Necr           ####......   14%         4    None
x - Force Lance           Conj/Tloc      ######..     1%          4    None


Dungeon Overview and Level Annotations

Branches:
Dungeon (12/15)            Temple (1/1) D:4            Lair (4/8) D:10
  Swamp: Lair:3-6    Shoals: Lair:3-6     Snake: Lair:3-6    Spider: Lair:3-6
    Orc: D:9-12

Altars:
Ashenzari
Cheibriados
Dithmenos
Elyvilon
Fedhas
Gozag
Kikubaaqudgha
Makhleb
Nemelex Xobeh
Okawaru
Qazlal
Ru
Sif Muna
Trog
Vehumet
Xom
Yredelemnul
Zin
The Shining One
Lugonu

Shops:
D:5 *   D:7 ?

Annotations:
Lair:3 Rupert


Message History

* * * LOW HITPOINT WARNING * * *
The blink frog blinks!
Rupert is engulfed in roaring flames.
Rupert yells loudly at you.
You easily resist.
The blink frog hits you!
* * * LOW HITPOINT WARNING * * *
The blink frog blinks!
The water moccasin completely misses you.
Drink which item? (? for menu, Esc to quit)
You feel much better.
A root lunges up near the blink frog.
The plant is hit by a branch! x2
The blink frog hits you!
* * * LOW HITPOINT WARNING * * *
The blink frog barely misses you.
The blink frog blinks!
The water moccasin bites you.
* * * LOW HITPOINT WARNING * * *
The blink frog blinks!
Rupert is engulfed in roaring flames.
Rupert zaps a wand.
You resist with almost no effort.
The blink frog hits you but does no damage.
The blink frog hits you!
You die...

...............♣.#
#...........♣....#≈≈≈
#..........§.....#≈≈≈≈
.....####........P≈≈≈≈.
.).....#P..♣P..♣.≈≈≈≈≈≈.
............♣..#.#≈≈P#..
.....#######...F..#.###.
....##.##[###.F.§SR####..
....#.......#..F@§§§@.§..
....##..##..♣#.FF..#####♣
....##..###)#.....##
..#.##...####.....#
#....#....####....#
#....##..##P.##..♣♣
#.#...##.#....#.P###
P....P##....###....##
P....##...####......##


You could see Rupert, 5 blink frogs, a water moccasin and a friendly dryad.

Vanquished Creatures
  Gastronok (Lair:1)
  Snorg (Lair:3)
  A fire dragon (D:10)
  2 hydras
  4 hill giants
  Pikel (D:4)
  An ugly thing (D:8)
  5 spiny frogs
  Psyche (D:9)
  A komodo dragon (Lair:2)
  Grinder (D:2)
  14 yaks
  2 wyverns
  3 hippogriffs
  A deep elf mage (D:10)
  A deep elf fighter (D:10)
  A hungry ghost (D:7)
  Grum (D:10)
  Edmund (D:7)
  Menkaure (D:4)
  9 wolves
  4 water moccasins
  6 porcupines
  A sky beast (D:8)
  A slave (D:4)
  An ice beast (D:7)
  4 ogres
  2 black bears (D:6)
  3 phantoms
  An orc warrior (D:8)
  7 centaurs
  Sigmund (D:6)
  2 elf zombies (Ossuary)
  4 big kobolds
  7 giant frogs
  6 crocodiles
  2 scorpions
  2 electric eels (D:9)
  12 killer bees
  2 goliath beetles
  7 crimson imps
  A centaur zombie (D:5)
  7 hounds
  12 wights
  4 human zombies (Ossuary)
  Crazy Yiuf (D:5)
  A quasit (D:12)
  6 jellies
  2 orc priests
  10 worker ants
  Natasha (thrice) (D:3)
  A gnoll shaman (D:9)
  5 iguanas
  2 orc wizards
  4 sheep (Lair:1)
  Ijyb (D:5)
  Jessica (D:3)
  4 mummies (Ossuary)
  A hound zombie (D:7)
  A hound skeleton (D:4)
  A worker ant zombie (D:7)
  Robin (D:4)
  10 gnolls
  14 river rats
  11 adders
  3 giant mites
  2 shadow imps
  3 worms
  2 adder zombies
  9 giant geckos
  7 oozes
  22 orcs
  3 ball pythons
  24 bats
  A bat zombie (D:6)
  7 giant cockroaches
  12 hobgoblins
  11 jackals
  7 giant newts
  A giant spore (D:6)
  A gnoll zombie (Ossuary)
  21 goblins
  A jackal skeleton (D:6)
  A jackal zombie (Ossuary)
  32 kobolds
  An orc zombie (Ossuary)
  5 quokkas
  A quokka skeleton (D:6)
  22 rats
  2 rat zombies (Ossuary)
  2 ballistomycetes (D:6)
  A fungus (Lair:3)
436 creatures vanquished.

Vanquished Creatures (collateral kills)
  A spiny frog (Lair:3)
  2 wolves (Lair:3)
  A slave (D:4)
  A worker ant (D:4)
  An adder (D:2)
  2 river rats (Lair:3)
  A goblin (D:2)
  A rat (D:2)
  3 fungi (Lair:3)
13 creatures vanquished.

Vanquished Creatures (others)
  A yak (Lair:3)
  A crimson imp (D:4)
  7 fungi
  A plant (D:9)
  295 snaplasher vine segments (Lair:3)
305 creatures vanquished.

Grand Total: 754 creatures vanquished

Notes
Turn   | Place    | Note
--------------------------------------------------------------
     0 | D:1      | faibistes, the Deep Elf Wizard, began the quest for the Orb.
     0 | D:1      | Reached XP level 1. HP: 10/10 MP: 6/6
   641 | D:1      | Reached XP level 2. HP: 15/15 MP: 0/9
   648 | D:1      | Learned a level 2 spell: Blink
   651 | D:1      | Learned a level 2 spell: Call Imp
  1506 | D:2      | Reached skill level 5 in Spellcasting
  1558 | D:2      | Reached XP level 3. HP: 19/19 MP: 7/14
  1563 | D:2      | Learned a level 3 spell: Conjure Flame
  1567 | D:2      | Learned a level 3 spell: Mephitic Cloud
  2517 | D:3      | Noticed Natasha
  2523 | D:3      | Killed Natasha
  2523 | D:3      | Reached XP level 4. HP: 24/24 MP: 10/17
  2562 | D:3      | Noticed Grinder
  2564 | D:3      | Noticed Jessica
  2747 | D:2      | Killed Grinder
  2747 | D:2      | Reached skill level 6 in Spellcasting
  2747 | D:2      | Reached XP level 5. HP: 28/28 MP: 3/21
  2747 | D:2      | Reached XP level 6. HP: 32/32 MP: 3/22
  2937 | D:3      | Killed Jessica
  3100 | D:2      | Learned a level 2 spell: Repel Missiles
  3237 | D:4      | Found a sand-covered staircase.
  3257 | Ossuary  | Entered an ossuary
  3269 | Ossuary  | Reached skill level 7 in Spellcasting
  3275 | Ossuary  | Reached XP level 7. HP: 18/36 MP: 4/25
  3886 | D:5      | Entered Level 5 of the Dungeon
  3891 | D:5      | Noticed Ijyb
  3893 | D:5      | Reached skill level 1 in Fighting
  3893 | D:5      | Reached skill level 5 in Dodging
  3893 | D:5      | Reached skill level 8 in Spellcasting
  3926 | D:5      | Killed Ijyb
  4170 | D:3      | Reached skill level 1 in Evocations
  4254 | D:3      | Noticed Natasha
  4264 | D:3      | Killed Natasha
  4541 | D:3      | Noticed a giant frog
  4549 | D:3      | Killed a giant frog
  4577 | D:3      | Noticed Natasha
  4581 | D:3      | Killed Natasha
  4695 | D:3      | Found a snail-covered altar of Cheibriados.
  4918 | D:4      | Noticed Robin
  4950 | D:4      | Killed Robin
  4950 | D:4      | Reached XP level 8. HP: 44/44 MP: 0/28
  5122 | D:4      | Noticed Pikel
  5434 | D:4      | Reached skill level 9 in Spellcasting
  5739 | D:4      | Noticed Menkaure
  5762 | D:4      | Killed Menkaure
  6061 | D:4      | Found a shimmering altar of Xom.
  6072 | D:4      | Noticed an angel
  6074 | D:4      | Found a glowing silver altar of Zin.
  6086 | D:4      | Found a staircase to the Ecumenical Temple.
  6095 | Temple   | Entered the Ecumenical Temple
  6300 | D:4      | Killed Pikel
  6300 | D:4      | Reached skill level 10 in Spellcasting
  7403 | D:5      | Reached XP level 9. HP: 52/52 MP: 22/30
  7442 | D:5      | Found a shattered altar of Ashenzari.
  7977 | D:5      | Found Mnaag's General Store.
  7986 | D:5      | Bought a potion of heal wounds for 75 gold pieces
  7996 | D:5      | Noticed Crazy Yiuf
  8012 | D:5      | Killed Crazy Yiuf
  8481 | D:6      | Found a bloodstained altar of Trog.
  8912 | D:7      | Got an encrusted dagger
  8913 | D:7      | Identified the +1 dagger "Daodiroa" {pierce, rF- rN+ MR+ MP+9 Stlth-} (You found it on level 7 of the Dungeon)
  9013 | D:4      | Got a warped dagger
  9014 | D:4      | Identified the +8 dagger of the Spheres {antimagic, +Inv MP+9} (You found it on level 4 of the Dungeon)
  9277 | D:6      | Found a white marble altar of Elyvilon.
  9712 | D:6      | Reached skill level 11 in Spellcasting
  9864 | D:6      | Reached skill level 5 in Fighting
 10045 | D:6      | Noticed Sigmund
 10055 | D:6      | Killed Sigmund
 10131 | D:6      | Reached skill level 5 in Evocations
 10553 | D:7      | Found a glowing golden altar of the Shining One.
 10560 | D:7      | Found a shadowy altar of Dithmenos.
 10561 | D:7      | Found a sacrificial altar of Ru.
 10563 | D:7      | Found a deep blue altar of Sif Muna.
 10563 | D:7      | Found a radiant altar of Vehumet.
 10577 | D:7      | Became a worshipper of Sif Muna the Loreminder
 10678 | D:7      | Found Kacian's Magic Scroll Shop.
 10688 | D:7      | Bought a scroll of blinking for 112 gold pieces
 10688 | D:7      | Bought 3 scrolls of identify for 90 gold pieces
 10688 | D:7      | Bought a scroll of identify for 30 gold pieces
 10936 | D:7      | Reached skill level 1 in Fire Magic
 10940 | D:7      | Reached skill level 1 in Air Magic
 11228 | D:7      | Noticed Edmund
 11239 | D:7      | Killed Edmund
 11586 | D:8      | Reached skill level 1 in Poison Magic
 11586 | D:8      | Reached XP level 10. HP: 59/59 MP: 32/32
 11707 | D:8      | Learned a level 4 spell: Force Lance
 11838 | D:8      | Acquired Sif Muna's first power
 12123 | D:9      | Noticed Psyche
 12151 | D:8      | Reached skill level 5 in Conjurations
 12287 | D:9      | Killed Psyche
 12598 | D:8      | Found an opulent altar of Gozag.
 12598 | D:8      | Found a sparkling altar of Nemelex Xobeh.
 12600 | D:8      | Gained mutation: Your spells are a little harder to cast, but a little more powerful. [potion of beneficial mutation]
 12667 | D:8      | Noticed a brown ugly thing
 12673 | D:8      | Killed a brown ugly thing
 12673 | D:8      | Acquired Sif Muna's second power
 13151 | D:8      | Reached skill level 12 in Spellcasting
 13238 | D:9      | Noticed a seven-headed hydra
 14020 | D:9      | Reached skill level 1 in Invocations
 14233 | D:10     | Entered Level 10 of the Dungeon
 14273 | D:9      | Killed a seven-headed hydra
 14273 | D:9      | Reached skill level 1 in Charms
 15358 | D:10     | Noticed a hill giant
 15367 | D:10     | Killed a hill giant
 15367 | D:10     | Reached XP level 11. HP: 32/64 MP: 3/34
 16206 | D:12     | Noticed a hill giant
 16218 | D:12     | Killed a hill giant
 16219 | D:12     | Noticed a hill giant
 16228 | D:12     | Killed a hill giant
 16534 | D:10     | Found a staircase to the Lair.
 16640 | D:10     | Noticed a fire dragon
 16648 | D:10     | Killed a fire dragon
 16961 | D:10     | Noticed Grum
 16979 | D:10     | Killed Grum
 17168 | D:10     | Noticed a hill giant
 17187 | D:10     | Killed a hill giant
 17187 | D:10     | Reached skill level 5 in Fire Magic
 17334 | Lair:1   | Entered Level 1 of the Lair of Beasts
 17533 | Lair:1   | Reached skill level 13 in Spellcasting
 17996 | Lair:1   | Noticed Gastronok
 18016 | Lair:1   | HP: 1/64 [Gastronok/the air (32)]
 18020 | Lair:1   | Killed Gastronok
 18020 | Lair:1   | Acquired Sif Muna's third power
 18737 | Lair:2   | Reached skill level 5 in Invocations
 19025 | Lair:2   | Noticed an eight-headed hydra
 19037 | Lair:2   | Killed an eight-headed hydra
 19037 | Lair:2   | Reached XP level 12. HP: 70/70 MP: 31/35
 19171 | Lair:2   | Learned a level 5 spell: Summon Forest
 19434 | Lair:2   | Reached skill level 5 in Charms
 19472 | Lair:2   | Reached skill level 5 in Translocations
 19473 | Lair:2   | Lost mutation: Your spells are a little harder to cast, but a little more powerful. [potion of cure mutation]
 19576 | Lair:3   | Noticed Snorg
 19620 | Lair:3   | Killed Snorg
 20502 | Lair:2   | Learned a level 4 spell: Control Undead
 20790 | Lair:3   | Got a sheer robe
 20801 | Lair:3   | Identified the +0 robe of the Fiend {MR++} (You found it on level 3 of the Lair of Beasts)
 21399 | Lair:3   | Reached skill level 1 in Necromancy
 21802 | Lair:3   | Noticed Rupert
 21810 | Lair:3   | Mangled by a blink frog

Action                   |  1- 3 |  4- 6 |  7- 9 | 10-12 || total
-------------------------+-------+-------+-------+-------++-------
Melee: Dagger            |     4 |     5 |    17 |    55 ||    81
       Short sword       |       |       |    24 |       ||    24
 Cast: Magic Dart        |    84 |    25 |   594 |   338 ||  1041
       Call Imp          |     4 |       |     6 |       ||    10
       Mephitic Cloud    |     2 |     4 |    19 |    40 ||    65
       Blink             |     1 |     2 |     5 |     4 ||    12
       Conjure Flame     |       |    10 |    35 |    90 ||   135
       Repel Missiles    |       |     1 |       |     1 ||     2
       Force Lance       |       |       |       |   184 ||   184
       Control Undead    |       |       |       |     6 ||     6
       Summon Forest     |       |       |       |     4 ||     4
Invok: Channel Energy    |       |       |       |    30 ||    30
Evoke: Wand              |       |       |       |     2 ||     2
  Use: Scroll            |       |       |    23 |    12 ||    35
       Potion            |       |       |     1 |     5 ||     6
 Stab: Distracted        |     1 |       |     1 |       ||     2
       Confused          |       |       |       |     7 ||     7
  Eat: Chunk             |     5 |     2 |    25 |    31 ||    63
       Beef jerky        |       |       |       |     2 ||     2
       Pizza             |       |       |       |     1 ||     1
